 Dungeon Crawl Stone Soup version 0.30-a0-859-gf88a04b62d (webtiles) character file.

Game seed: 1015207496307474970

290 qeuew the Ruffian (level 6, -5/88 HPs)
             Began as a Troll Berserker on Mar 6, 2023.
             Was a Believer of Trog.
             Killed by divine providence
             ... invoked by an orc priest
              (11 damage)
             ... on level 5 of the Dungeon.
             The game lasted 00:03:19 (2790 turns).

qeuew the Ruffian (Troll Berserker)                 Turns: 2790, Time: 00:03:21

Health: -5/88      AC:  4    Str: 28    XL:     6   Next: 9%
Magic:  5/5        EV: 10    Int:  3    God:    Trog [**....]
Gold:   84         SH:  0    Dex:  9    Spells: 5/5 levels left

rFire   . . .      SeeInvis +      - Unarmed
rCold   . . .      Faith    .    (no shield)
rNeg    . . .      Spirit   .    a - +0 animal skin
rPois   .          Reflect  .    (helmet restricted)
rElec   .          Rampage  .    (no cloak)
rCorr   .                        (gloves unavailable)
Will    .....                    (boots unavailable) Stlth
                                 (no amulet)
HPRegen 1.14/turn                g - ring of see invisible
MPRegen 0.09/turn                (no ring)

@: berserking, very quick
A: large, unfitting armour, claws 3, regeneration 1, shaggy fur 1, tough skin 1
a: Renounce Religion, Berserk, Trog's Hand


You were on level 5 of the Dungeon.
You worshipped Trog.
Trog was pleased with you.
You visited 1 branch of the dungeon, and saw 5 of its levels.

You collected 84 gold pieces.

Inventory:

Armour
 a - a +0 animal skin (worn)
Jewellery
 g - a ring of see invisible (left claw)
Wands
 c - a wand of quicksilver (8)
Potions
 e - 3 potions of heal wounds
 f - a potion of cancellation {unknown}


   Skills:
 - Level 2.4 Fighting
 - Level 2.4 Dodging
 * Level 6.9 Unarmed Combat


You had 5 spell levels left.
You didn't know any spells.
Your spell library was empty.

Dungeon Overview and Level Annotations

Branches:
Dungeon (5/15)
 Temple: D:4-7

Altars:
Dithmenos

Shops:
D:2 ?   D:3 (?((


Innate Abilities, Weirdness & Mutations

You are too large for most types of armour.
You have claws for hands.
Your natural rate of healing is unusually fast.
You are covered in fur. (AC +1)
You have tough skin. (AC +1)


Message History

The gnoll hits you from afar with a +0 halberd!
The gnoll hits you from afar with a +0 halberd.
You struggle against the net.
The gnoll hits you from afar with a +0 halberd!
The gnoll hits you but does no damage.
The gnoll hits you from afar with a +0 halberd!
* * * LOW HITPOINT WARNING * * *
You feel much better. The orc barely misses you.
The gnoll hits you from afar with a +0 halberd. x2
The gnoll barely misses you.
The orc hits you with a +1 whip of holy wrath.
You rip the net and break free!
The orc barely misses you.
The orc priest hits you but does no damage.
The gnoll barely misses you.
The gnoll hits you from afar with a +0 halberd!
* * * LOW HITPOINT WARNING * * *
The gnoll hits you with a +0 club.
* * * LOW HITPOINT WARNING * * *
The orc completely misses you.
A red film seems to cover your vision as you go berserk!
You feel yourself moving faster!
You feel mighty! The orc hits you but does no damage.
The orc priest barely misses you.
The gnoll barely misses you. x2; The gnoll hits you but does no damage.
The orc hits you with a +1 whip of holy wrath.
* * * LOW HITPOINT WARNING * * *
You claw the orc!
You kill the orc!
Trog accepts your kill. The orc hits you but does no damage.
The gnoll barely misses you. The gnoll closely misses you.
The gnoll hits you from afar with a +0 halberd.
* * * LOW HITPOINT WARNING * * *
The orc priest hits you with a +0 short sword.
* * * LOW HITPOINT WARNING * * *
You closely miss the orc priest. The gnoll closely misses you. x2
The gnoll hits you with a +0 club.
* * * LOW HITPOINT WARNING * * *
The orc priest calls down the wrath of Beogh upon you.
Beogh smites you!
You die...

# ####. #....####
#.#.....#
........#
.....ggo#########
......)@....<...#
.....go.........#
..#.............#
#..############
##. #


You could see an orc priest, 3 gnolls and an orc.

Vanquished Creatures
  An ice beast (D:4)
  A jelly (D:3)
  4 gnolls
  4 adders (D:3)
  4 dart slugs
  6 orcs
  9 ball pythons
  3 bats (D:1)
  6 endoplasms
  6 giant cockroaches
  4 goblins
  5 hobgoblins
  7 jackals (D:3)
  5 kobolds
  2 quokkas (D:1)
  A frilled lizard (D:2)
  7 rats (D:1)
75 creatures vanquished.

Vanquished Creatures (others)
  2 plants (D:3)
2 creatures vanquished.

Grand Total: 77 creatures vanquished

Notes
Turn   | Place    | Note
-------+----------+-------------------------------------------
     0 | D:1      | qeuew the Troll Berserker began the quest for the Orb.
     0 | D:1      | Reached XP level 1. HP: 22/22 MP: 0/0
   197 | D:1      | Reached XP level 2. HP: 29/29 MP: 1/1
   288 | D:1      | Reached skill level 4 in Unarmed Combat
   430 | D:1      | Reached XP level 3. HP: 36/36 MP: 2/2
   433 | D:1      | Reached ** piety under Trog
   570 | D:1      | Lost intelligence.
   598 | D:2      | Found Afyhumam's Magic Scroll Shoppe.
  1107 | D:3      | Reached skill level 5 in Unarmed Combat
  1107 | D:3      | Reached XP level 4. HP: 44/44 MP: 3/3
  1160 | D:3      | Found Fuecuneu's Weapon Boutique.
  1264 | D:3      | Found Foqodd's Weapon Boutique.
  1326 | D:3      | Found Ufae's Magic Scroll Boutique.
  1393 | D:3      | Found Nexzas's Antique Weapon Shoppe.
  1417 | D:3      | Reached XP level 5. HP: 47/50 MP: 4/4
  1703 | D:4      | Found a shadowy altar of Dithmenos.
  1964 | D:4      | Reached skill level 6 in Unarmed Combat
  2025 | D:4      | Noticed an ice beast
  2032 | D:4      | Killed an ice beast
  2033 | D:4      | Reached XP level 6. HP: 59/59 MP: 5/5
  2775 | D:5      | Entered Level 5 of the Dungeon
  2790 | D:5      | Killed from afar by an orc priest

Illustrated notes

Levels and vault maps discovered:
D:1:      scummos_arrival_gate, layout_basic
D:2:      layout_basic, serial_shops,
          nicolae_shop_temple_entry_statues_fountains, minmay_statues_item,
          chequers_serial_rivers_micro_e
D:3:      layout_rooms, serial_shops, nicolae_shop_overgrown_old_shop,
          nicolae_lakefront_shop, nicolae_shop_bloodbath_and_beyond,
          nicolae_shop_trees
D:4:      layout_layer_cave, mainiacjoe_overflow_six_doors_small
D:5:      layout_basic, lemuel_tele_altar, mainiacjoe_overflow_cross_hatched,
          mainiacjoe_overflow_24_doors, fedhas_altar_2, enter_ossuary_3,
          nicolae_kite_square_tiling_tiny

Skill      XL: |  1  2  3  4  5 |
---------------+----------------+-----
Unarmed Combat | 4 5 6 |  6.9
Fighting       | |  2.4
Dodging        | |  2.4

Action                     |  1- 3 |  4- 6 || total
---------------------------+-------+-------++-------
  Melee: Unarmed           |    79 |   109 ||   188
         Punch             |     1 |     4 ||     5
 Invoke: Berserk           |       |     2 ||     2
    Use: Potion            |     5 |     2 ||     7
         Scroll            |     3 |     6 ||     9
 Armour: Animal skin       |    29 |    42 ||    71
  Dodge: Dodged            |    55 |    79 ||   134

Table legend: (Time is in decaauts)
 A = Elapsed time spent in this place.
 B = Non-inter-level travel time spent in this place.
 C = Inter-level travel time spent in this place.
 D = Time resting spent in this place.
 E = Time spent auto-exploring this place.
 F = Levels seen in this place.
 G = Mean time per level.
                   A        B        C        D        E       F      G
               +--------+--------+--------+--------+--------+-----+--------+
         Total |   3044 |   2981 |     63 |      0 |   2539 |   5 |  608.8 |
       Dungeon |   3044 |   2981 |     63 |      0 |   2539 |   5 |  608.8 |
               +--------+--------+--------+--------+--------+-----+--------+

Top non-repeatable levels by time:
     D:4: 1284 daAuts
     D:2: 754 daAuts
     D:1: 581 daAuts
     D:3: 409 daAuts
     D:5: 14 daAuts
